AoeStats
← Aryan_lohiaa__

Oasis

508187569Analyzed
3v3 RM · 12d ago on Sep 21, 2026· 43m 5s· 6 players
Game mode
Random Map
Map size
Normal (6 player)
Population
200
Speed
Normal
Resources
Standard
Victory
Conquest
Starting age
Dark Age
Ending age
Imperial Age
RankedLock teamsTeams togetherTeam positionsShared explorationLock speedFull tech treeHidden civsTurbo modeCheats
Victory
Defeat
🇵🇹 Japanese · Portugal
1030
+13
🇬🇧 Chinese · United Kingdom
1022
+13
🇪🇸 Poles · Spain
901
+18
1000
-17
🇮🇳 Tatars · India
958
-15
🇹🇼 Spanish · Taiwan
899
-12
Aryan_lohiaa__
8:14 Loom
9:48 Loom
12:33 Feudal Age
14:00 Loom
19:02 Wheelbarrow
20:54 Town Watch
29:05 Castle Age
28:37 Double-Bit Axe
28:41 Horse Collar
38:09 Bow Saw
38:30 Padded Archer Armor
39:29 Fletching
Tr3vorTW
13:03 Feudal Age
13:44 Double-Bit Axe
17:01 Castle Age
17:13 Horse Collar
18:01 Scale Barding Armor
26:11 Bloodlines
28:06 Bow Saw
28:15 Husbandry
28:39 Chain Barding Armor
28:39 Loom
31:33 Heavy Plow
32:13 Wheelbarrow
34:13 Forging
34:36 Hand Cart
38:08 Imperial Age
36:45 Iron Casting
37:20 Town Watch
37:07 Light Cavalry
38:52 Ballistics
38:27 Murder Holes
40:18 Two-Man Saw
38:55 Cavalier
40:12 Plate Barding Armor
40:32 Conscription
42:04 Blast Furnace
Δ𝗫𝗫▼✞♪przyszłość
4:19 Loom
11:51 Feudal Age
14:59 Horse Collar
17:01 Horse Collar
17:07 Double-Bit Axe
21:12 Castle Age
22:13 Heavy Plow
34:27 Imperial Age
33:08 Ballistas
33:15 Gold Mining
34:03 Wheelbarrow
33:41 Bow Saw
34:09 Ballistics
35:27 Hand Cart
34:58 Town Watch
35:53 Siege Engineers
36:50 Chemistry
35:20 Heavy Scorpion
36:24 Conscription
37:27 Fletching
38:23 Masonry
38:20 Bodkin Arrow
38:30 Scale Barding Armor
38:59 Crop Rotation
39:20 Conscription
38:39 Light Cavalry
40:13 Bloodlines
40:03 Husbandry
41:05 Chain Barding Armor
41:21 Husbandry
42:24 Forging
42:49 Plate Barding Armor
fifox58
0:52 Loom
11:39 Feudal Age
13:55 Wheelbarrow
16:39 Castle Age
14:30 Double-Bit Axe
15:24 Horse Collar
21:18 Gold Mining
22:19 Bow Saw
23:54 Gold Shaft Mining
23:50 Heavy Plow
24:38 Hand Cart
28:18 Stone Mining
31:43 Imperial Age
30:31 Stone Shaft Mining
30:23 Fletching
30:34 Padded Archer Armor
30:44 Thumb Ring
31:01 Ballistics
31:12 Bodkin Arrow
33:35 Two-Man Saw
32:37 Bracer
32:38 Elite Chu Ko Nu
35:05 Conscription
36:17 Leather Archer Armor
37:43 Ring Archer Armor
36:37 Heavy Rocket Cart
38:49 Rocketry
MIRMIDOR
12:31 Feudal Age
15:54 Loom
18:20 Castle Age
18:10 Stone Mining
18:07 Horse Collar
18:17 Double-Bit Axe
19:06 Fletching
20:02 Stone Shaft Mining
21:26 Heavy Plow
21:40 Bow Saw
21:45 Bodkin Arrow
26:07 Szlachta Privileges
30:12 Wheelbarrow
31:01 Husbandry
31:12 Bloodlines
37:19 Imperial Age
35:48 Forging
37:28 Cavalier
38:41 Hand Cart
38:36 Scale Barding Armor
41:21 Conscription
41:38 Crop Rotation
42:42 Chain Barding Armor
43:00 Iron Casting
!
6:38 Loom
9:13 Feudal Age
10:00 Double-Bit Axe
12:17 Man-at-Arms
15:17 Padded Archer Armor
17:48 Fletching
20:07 Horse Collar
25:15 Castle Age
24:10 Gold Mining
24:48 Stone Mining
27:18 Leather Archer Armor
26:59 Bodkin Arrow
27:32 Bow Saw
27:35 Heavy Plow
28:41 Wheelbarrow
32:17 Hand Cart
32:24 Town Watch
33:14 Ballistics
34:14 Gold Shaft Mining
39:56 Thumb Ring
44:13 Imperial Age
43:44 Masonry
Connection lost

Rejoining the realm…

Still unreachable

The connection could not be restored.

Session expired

The server has moved on; the page needs a fresh start.